 Dungeon Crawl Stone Soup version 0.30-a0-534-gdc55766716 (webtiles) character file.

Game seed: 9212741941394654924

1643 Newt the Skirmisher (level 9, -4/55 HPs)
             Began as a Kobold Hunter on Dec 24, 2022.
             Slain by a vampire mosquito (7 damage)
             ... on level 5 of the Dungeon.
             The game lasted 00:06:38 (5852 turns).

Newt the Skirmisher (Kobold Hunter)                 Turns: 5852, Time: 00:06:39

Health: -4/55      AC:  6    Str: 10    XL:     9   Next: 19%
Magic:  9/9        EV: 19    Int: 10    God:
Gold:   326        SH:  0    Dex: 21    Spells: 8/8 levels left

rFire   . . .      SeeInvis .    a - +2 shortbow
rCold   . . .      Faith    .    (shield currently unavailable)
rNeg    . . .      Spirit   .    c - +2 leather armour
rPois   .          Reflect  .    (no helmet)
rElec   .          Harm     .    q - +0 cloak
rCorr   .          Rampage  .    (no gloves)
Will    .....                    (no boots)
Stlth   +++++                    (no amulet)
HPRegen 0.29/turn                (no ring)
MPRegen 0.11/turn                (no ring)

@: about to teleport
A: small, no large weapons, nightstalker 3
a: no special abilities


You were on level 5 of the Dungeon.
You visited 1 branch of the dungeon, and saw 6 of its levels.

You collected 326 gold pieces.

Inventory:

Hand Weapons
 a - a +2 shortbow (weapon)
Missiles
 x - 14 boomerangs of dispersal
Armour
 c - a +2 leather armour (worn)
 d - a +2 robe of fire resistance
 q - a +0 cloak (worn)
Scrolls
 b - 2 scrolls of immolation
 g - 2 scrolls of poison {unknown}
 i - a scroll of brand weapon {unknown}
 j - a scroll of magic mapping
 p - a scroll of vulnerability {unknown}
 r - 2 scrolls of enchant armour
 s - 3 scrolls of identify
 w - a scroll of fog
Potions
 f - a potion of magic {unknown}
 k - 6 potions of curing
 l - a potion of might {unknown}
 m - 3 potions of haste {unknown}
 n - 2 potions of flight {unknown}
 o - 2 potions of mutation {unknown}
 t - a potion of brilliance {unknown}
 u - a potion of ambrosia {unknown}
 v - a potion of attraction {unknown}


   Skills:
 - Level 6.0 Fighting
 + Level 9.4 Ranged Weapons
 - Level 7.0 Dodging
 - Level 8.0 Stealth


You had 8 spell levels left.
You didn't know any spells.
Your spell library contained the following spells:

 Spells                   Type           Power      Damage    Failure   Level
 Beastly Appendage        Tmut           0%         N/A       45%         1
 Sandblast                Erth           0%         2d4       45%         1
 Ensorcelled Hibernation  Hex/Ice        0%         N/A       61%         2
 Passwall                 Tmut/Erth      0%         N/A       61%         2
 Wereblood                Tmut           0%         N/A       61%         2
 Spider Form              Tmut/Pois      0%         N/A       83%         3
 Stone Arrow              Conj/Erth      0%         3d7       83%         3
 Swiftness                Air            0%         N/A       83%         3
 Summon Forest            Summ/Tloc      0%         N/A       100%        5
 Summon Mana Viper        Hex/Summ       0%         N/A       100%        5
 Summon Cactus Giant      Summ           0%         N/A       100%        6


Dungeon Overview and Level Annotations

Branches:
Dungeon (6/15)
 Temple: D:4-7

Altars:
Kikubaaqudgha
Okawaru
Trog


Innate Abilities, Weirdness & Mutations

You are small and have problems with some larger weapons.
You are completely attuned to the shadows.


Message History

Press: ? - help, Shift-Dir - straight line, f/p - vampire mosquito
Aim: a vampire mosquito (severely damaged, 57% to hit)
You shoot an arrow. The arrow misses the vampire mosquito.
The arrow closely misses the vampire mosquito.
The vampire mosquito bites you.
* * * LOW HITPOINT WARNING * * *
The vampire mosquito draws strength from your injuries!
The vampire mosquito misses you.
Unknown command.
Fire: a) +2 shortbow
Press: ? - help, Shift-Dir - straight line, f/p - vampire mosquito
Aim: a vampire mosquito (heavily damaged, 57% to hit)
You shoot an arrow. The arrow hits the vampire mosquito.
The vampire mosquito is heavily damaged.
The vampire mosquito bites you but does no damage.
The vampire mosquito barely misses you.
Unknown command.
Fire: a) +2 shortbow
Press: ? - help, Shift-Dir - straight line, f/p - vampire mosquito
Aim: a vampire mosquito (heavily damaged, 57% to hit)
You shoot an arrow. The arrow misses the vampire mosquito.
The arrow hits the vampire mosquito but does no damage.
The vampire mosquito is lightly damaged.
The vampire mosquito completely misses you.
The vampire mosquito bites you but does no damage.
Unknown command.
As you read the scroll of teleportation, it crumbles to dust.
You feel strangely unstable. The vampire mosquito bites you.
* * * LOW HITPOINT WARNING * * *
The vampire mosquito draws strength from your injuries!
The vampire mosquito misses you.
Unknown command.
The vampire mosquito completely misses you.
The vampire mosquito attacks as you move away!
The vampire mosquito bites you.
* * * LOW HITPOINT WARNING * * *
The vampire mosquito draws strength from your injuries!
The vampire mosquito barely misses you. The vampire mosquito bites you!
You die...

.#............................#
<#.............######.........#
.#####'#.......'....#.........#
.......+.......#....#.........#
.......#.......#....#.........#
###....######'##....#.........#
.########.....'.##.##.........#
.##....##.....#.#8.8#.........#
.#^...........#.@yy...........#
.'.....###'######8.8#>........#
.##....##.....####)##.........#
###....##.....#.....#.........#
.########.....#.....#.........#
.'......#.....#.....#.........#
.#.....#########....#.........#
.#.....##.....##....#.........#
.#....†........#....#.........#


You could see 2 vampire mosquitoes.

Vanquished Creatures
  Sigmund (D:3)
  A vampire mosquito (D:5)
  Menkaure (D:4)
  A black bear (D:6)
  An ice beast (D:4)
  A centaur (D:5)
  An ogre (D:3)
  A kobold brigand (D:6)
  A necrophage (D:5)
  2 scorpions (D:4)
  8 hounds
  A gnoll bouda (D:6)
  2 iguanas
  2 orc wizards (D:6)
  8 gnolls
  7 adders
  A shadow imp (D:6)
  An ufetubus (D:5)
  2 worms
  A dart slug (D:1)
  15 orcs
  6 ball pythons
  4 endoplasms
  3 giant cockroaches (D:1)
  6 goblins
  11 hobgoblins
  6 jackals
  12 kobolds
  4 quokkas
  3 bats
  4 frilled lizards
  7 rats
125 creatures vanquished.

Notes
Turn   | Place    | Note
-------+----------+-------------------------------------------
     0 | D:1      | Newt the Kobold Hunter began the quest for the Orb.
     0 | D:1      | Reached XP level 1. HP: 12/12 MP: 1/1
    14 | D:1      | Reached skill level 6 in Ranged Weapons
    14 | D:1      | Reached XP level 2. HP: 10/17 MP: 2/2
   202 | D:1      | Reached XP level 3. HP: 13/21 MP: 3/3
   601 | D:1      | Found a faded altar of an unknown god.
   632 | D:1      | Reached skill level 7 in Ranged Weapons
   840 | D:2      | Reached XP level 4. HP: 26/26 MP: 4/4
   850 | D:2      | Found a bloodstained altar of Trog.
  1567 | D:3      | Noticed Sigmund
  1596 | D:3      | Reached skill level 8 in Ranged Weapons
  1596 | D:3      | Reached XP level 5. HP: 28/30 MP: 5/5
  1601 | D:3      | Killed Sigmund
  1602 | D:3      | Reached skill level 5 in Dodging
  1602 | D:3      | Reached XP level 6. HP: 29/35 MP: 6/6
  1651 | D:3      | Noticed an ogre
  1659 | D:3      | Killed an ogre
  1940 | D:3      | Reached XP level 7. HP: 40/40 MP: 7/7
  2720 | D:4      | Noticed Menkaure
  2728 | D:4      | Killed Menkaure
  3648 | D:5      | Entered Level 5 of the Dungeon
  3656 | D:4      | Reached skill level 5 in Fighting
  3656 | D:4      | Reached XP level 8. HP: 49/49 MP: 8/8
  4371 | D:5      | Reached skill level 5 in Stealth
  4433 | D:5      | Found an ancient bone altar of Kikubaaqudgha.
  4433 | D:5      | Found an iron altar of Okawaru.
  4531 | D:5      | Identified the +11 war axe of Jashy {pain, Int+3}
  5140 | D:6      | Reached XP level 9. HP: 42/55 MP: 9/9
  5834 | D:5      | Reached skill level 9 in Ranged Weapons
  5852 | D:5      | Slain by a vampire mosquito

Illustrated notes

Levels and vault maps discovered:
D:1:      wander_arrival_desolate, layout_loops_cross,
          dreamdust_ecumenical_altar_grove, minmay_misc_feat_diagonals,
          minmay_tetromino_l2
D:2:      layout_loops_ring, basic_altar
D:3:      layout_loops_cross, uniq_sigmund
D:4:      layout_layer_cave, corexii_item_surrounded_by_moat,
          minmay_starry_boxes, uniq_menkaure
D:5:      layout_gridville, nicolae_overflow_squiral, small_statue_intersection
D:6:      layout_cave_pools, minmay_unpleasant_kobolds

Skill      XL: |  1  2  3  4  5  6  7  8  9 |
---------------+----------------------------+-----
Ranged Weapons | 6 7 8 9 |  9.4
Dodging        | 5 6 7 |  7.0
Fighting       | 5 6 |  6.0
Stealth        | 8 |  8.0

Action                   |  1- 3 |  4- 6 |  7- 9 || total
-------------------------+-------+-------+-------++-------
 Fire: Shortbow          |    72 |    83 |   268 ||   423
  Use: Scroll            |       |     7 |     5 ||    12
       Potion            |       |     1 |     2 ||     3
Armor: Leather armour    |     1 |     3 |    37 ||    41
Dodge: Dodged            |    20 |    34 |   313 ||   367

Table legend: (Time is in decaauts)
 A = Elapsed time spent in this place.
 B = Non-inter-level travel time spent in this place.
 C = Inter-level travel time spent in this place.
 D = Time resting spent in this place.
 E = Time spent auto-exploring this place.
 F = Levels seen in this place.
 G = Mean time per level.
                   A        B        C        D        E       F      G
               +--------+--------+--------+--------+--------+-----+--------+
         Total |   5924 |   5788 |    136 |   1166 |   3829 |   6 |  987.3 |
       Dungeon |   5924 |   5788 |    136 |   1166 |   3829 |   6 |  987.3 |
               +--------+--------+--------+--------+--------+-----+--------+

Top non-repeatable levels by time:
     D:4: 1250 daAuts
     D:5: 1117 daAuts
     D:6: 1101 daAuts
     D:3: 917 daAuts
     D:1: 837 daAuts
     D:2: 700 daAuts
